 Dungeon Crawl Stone Soup version 0.31-a0-986-g5e6e4ef867 (webtiles) character file.

Game seed: 7819430663298944958

1172 FakeRyeBread the Cudgeller (level 8, -1/51 HPs)
             Began as a Gargoyle Fighter on Nov 8, 2023.
             Slain by hattop's ghost (3 damage)
             ... on level 5 of the Dungeon.
             The game lasted 00:18:13 (5171 turns).

FakeRyeBread the Cudgeller (Gargoyle Fighter)       Turns: 5171, Time: 00:18:14

Health: -1/51      AC: 25    Str: 21    XL:     8   Next: 41%
Magic:  8/8        EV:  8    Int: 16    God:
Gold:   237        SH:  5    Dex:  9    Spells: 7/7 levels left

rFire   . . .        j - +2 flail (protect)
rCold   . . .        c - +0 buckler
rNeg    + . .        g - +0 chain mail
rPois   ∞            (no helmet)
rElec   +            w - +0 cloak
rCorr   .            r - +0 pair of gloves
SInv    +            (no boots)
Will    .....        (no amulet) Stlth
                     f - +6 ring of intelligence
HPRegen 0.28/turn    l - ring of see invisible
MPRegen 0.11/turn

%: no passive effects
@: under a protective aura, studying Shields
A: sickness immunity, AC +5, negative energy resistance 1, electricity
resistance, torment resistance 1, petrification resistance
a: no special abilities


You were on level 5 of the Dungeon.
You visited 2 branches of the dungeon, and saw 7 of its levels.

You collected 323 gold pieces.
You spent 86 gold pieces at shops.

Inventory:

Hand Weapons
 j - a +2 flail of protection (weapon)
Missiles
 A - 8 boomerangs
Armour
 c - a +0 buckler (worn)
 g - a +0 chain mail (worn)
 r - a +0 pair of gloves (worn)
 w - a +0 cloak (worn)
Jewellery
 f - a +6 ring of intelligence (left hand)
 l - a ring of see invisible (right hand)
 m - an amulet of faith
Wands
 s - a wand of polymorph (9)
 z - a wand of roots (8)
Scrolls
 e - a scroll of immolation
 k - 2 scrolls of teleportation
 q - 2 scrolls of vulnerability {unknown}
 u - a scroll of enchant armour {unknown}
 v - a scroll of amnesia {unknown}
 y - a scroll of fear
Potions
 a - a potion of brilliance
 b - a potion of heal wounds
 d - a potion of might
 h - a potion of mutation {unknown}
 i - a potion of resistance {unknown}
 n - 3 potions of curing
 o - a potion of ambrosia {unknown}
 p - a potion of degeneration {unknown}
 t - 3 potions of haste {unknown}
 x - 2 potions of lignification
 B - a potion of enlightenment {unknown}


   Skills:
 + Level 5.7 Fighting
 * Level 6.5 Maces & Flails
 + Level 5.8 Armour
 + Level 5.7 Shields


You had 7 spell levels left.
You didn't know any spells.
Your spell library contained the following spells:

 Spells                   Type           Power      Damage    Failure   Level
 Dazzling Flash           Conj/Hex       0%         N/A       99%         3
 Ignite Poison            Fire/Tmut/Pois 0%         N/A       99%         3
 Inner Flame              Hex/Fire       0%         N/A       99%         3
 Agony                    Necr           0%         N/A       100%        5
 Freezing Cloud           Conj/Ice/Air   0%         6-21      100%        5
 Silence                  Hex/Air        0%         N/A       100%        5
 Yara's Violent Unravell  Hex/Tmut       0%         3d3       100%        5
 Enfeeble                 Hex            0%         N/A       100%        7
 Cigotuvi's Dreadful Rot  Necr/Pois/Air  Unusable   N/A       N/A         2

Dungeon Overview and Level Annotations

Branches:
Dungeon (6/15)             Temple (1/1) D:4

Altars:
Ashenzari
Cheibriados
Elyvilon
Fedhas
Gozag
Hepliaklqana
Kikubaaqudgha
Nemelex Xobeh
Qazlal
Sif Muna
Uskayaw
Wu Jian
The Shining One

Shops:
D:2 *(

Annotations:
D:5 1 transporter, hattop's ghost, novice DrFi


Innate Abilities, Weirdness & Mutations

You are immune to sickness and miasma.
Your stone body is resilient. (AC +5)
You are immune to poison.
You resist negative energy. (rN+)
You are resistant to electric shocks. (rElec)
You are resistant to unholy torment.
You are immune to petrification.


Message History

* * * LOW HITPOINT WARNING * * *
The gnoll is no longer moving quickly.
The gnoll sergeant is no longer moving quickly.
The gnoll zaps a wand.
You struggle to resist.
Your attacks no longer feel as feeble.
Hattop's ghost screams, "You must not succeed where I failed!"
The gnoll is no longer moving quickly.
The gnoll zaps a wand.
Your mind is blasted!
* * * LOW HITPOINT WARNING * * *
Hattop's ghost ripples.
There is an open translucent door here.
You see here a manual of Shields.
You pick up a manual of Shields and begin studying.
You feel much better. The gnoll barely misses you.
Hattop's ghost wails, "You will join me soon!"
You closely miss hattop's ghost. The gnoll hits you with a +0 club.
Hattop's ghost hits you but does no damage.
You sock the gnoll!
Your weapon exudes an aura of protection.
The gnoll is severely wounded.
The gnoll hits you but does no damage. You block the gnoll's attack.
Hattop's ghost hits you.
The gnoll hits you but does no damage. x2; Hattop's ghost hits you.
The gnoll sergeant closely misses you. The gnoll hits you but does no damage.
You block the gnoll's attack. You block the gnoll sergeant's attack.
You barely miss the gnoll. The gnoll hits you but does no damage.
The gnoll zaps a wand.
Your mind is blasted!
* * * LOW HITPOINT WARNING * * *
The gnoll closely misses you. The gnoll barely misses you.
The gnoll sergeant hits you but does no damage.
Hattop's ghost misses you.
You thump the gnoll!
Your weapon exudes an aura of protection.
The gnoll is severely wounded.
The gnoll hits you but does no damage.
The gnoll zaps a wand.
You struggle to resist.
You block the gnoll's attack. The gnoll hits you but does no damage.
Hattop's ghost hits you.
You die...

#..≈≈≈≈≈≈≈≈≈≈≈≈~≈≈≈≈≈≈≈≈≈≈≈≈
#..≈≈#####...........#####≈≈
#..≈≈#.8.#.###.©.###.#.8.#≈≈
#..≈≈#...###.#####.###...#≈≈
#..≈≈###...............###≈≈
#..≈≈.8#.######'###'##.#8.≈≈
#..≈≈.##g#g..#8..#...#.##.≈≈
#..~~.#.ggggW#⌠©..g.g'g.#.~~
#..≈≈.##.#g@:#8..#...#.##.≈≈
#..≈≈.8#.######g###g##.#8.≈≈
#..≈≈###.........gg....###≈≈
#..≈≈#(..###©#####.###...#≈≈
#..≈≈#.8.#.###.©.###.#.8.#≈≈
##.≈≈#####..?........#####≈≈
#.≈≈≈≈≈≈≈≈≈≈≈...≈≈≈≈≈≈≈≈≈≈≈
#.≈≈≈≈≈≈≈≈≈≈≈...≈≈≈≈≈≈≈≈≈≈≈
#..........................


You could see a gnoll sergeant, hattop's ghost and 6 gnolls.

Vanquished Creatures
  Grinder (D:3)
  An ice beast (D:5)
  A phantom (D:5)
  3 scorpions (D:5)
  2 orc priests
  A jelly (D:4)
  2 hounds
  Crazy Yiuf (D:2)
  2 sleepcaps
  Terence (D:3)
  6 orc wizards
  2 iguanas
  5 gnolls
  5 adders
  A worm (D:2)
  2 dart slugs
  16 orcs
  6 endoplasms
  5 giant cockroaches
  7 goblins
  8 hobgoblins
  2 jackals (D:1)
  3 quokkas
  4 ball pythons
  5 bats
  2 frilled lizards (D:1)
  7 kobolds
  7 rats
108 creatures vanquished.

Notes
Turn   | Place    | Note
-------+----------+-------------------------------------------
     0 | D:1      | FakeRyeBread the Gargoyle Fighter began the quest for the
                  | Orb.
     0 | D:1      | Reached XP level 1. HP: 14/14 MP: 1/1
   228 | D:1      | Reached XP level 2. HP: 14/19 MP: 2/2
   251 | D:1      | Reached XP level 3. HP: 13/23 MP: 3/3
   975 | D:2      | Reached skill level 3 in Maces & Flails
  1064 | D:2      | Found Avvaaxos's Weapon Boutique.
  1159 | D:2      | Reached XP level 4. HP: 29/29 MP: 4/4
  1317 | D:2      | Found Mar Xada's Assorted Antiques.
  1348 | D:2      | Bought a scroll labelled HUNGIC GYC for 23 gold pieces
  1348 | D:2      | Bought a brown potion for 20 gold pieces
  1348 | D:2      | Bought a scroll labelled OVOCHO KETSIZ for 23 gold pieces
  1348 | D:2      | Bought a coppery potion for 20 gold pieces
  1758 | D:2      | Found a runed translucent door.
  1759 | D:2      | Noticed Crazy Yiuf
  1920 | D:2      | Killed Crazy Yiuf
  2145 | D:3      | Reached XP level 5. HP: 33/33 MP: 5/5
  2213 | D:3      | Reached skill level 4 in Maces & Flails
  2214 | D:3      | Reached XP level 6. HP: 19/38 MP: 6/6
  2363 | D:3      | Noticed Terence
  2376 | D:3      | Killed Terence
  2504 | D:3      | Noticed Grinder
  2507 | D:3      | Paralysed by Grinder for 3 turns
  2584 | D:3      | Killed Grinder
  2585 | D:3      | Reached XP level 7. HP: 42/44 MP: 7/7
  2691 | D:3      | Reached skill level 5 in Maces & Flails
  3471 | D:4      | Reached skill level 5 in Armour
  3518 | D:4      | Found a staircase to the Ecumenical Temple.
  3528 | Temple   | Entered the Ecumenical Temple
  3650 | D:4      | Reached skill level 5 in Fighting
  3752 | D:4      | Reached skill level 5 in Shields
  3949 | D:4      | You fall into a shaft and drop 2 floors!
  3958 | D:5      | Entered Level 5 of the Dungeon
  4156 | D:5      | Reached XP level 8. HP: 44/49 MP: 8/8
  4165 | D:5      | Reached skill level 6 in Maces & Flails
  4237 | D:5      | Identified the +5 trident "Juasotz" {venom, rF+ Will+ rCorr
                  | Dex-3}
  4815 | D:5      | Identified the +2 leather armour "Dynox" {rElec rCorr Str-2
                  | Int+2}
  4840 | D:5      | Noticed hattop's ghost (novice DrFi)
  4863 | D:5      | Identified the ring "Murrydwo" {rC+ Will+}
  4878 | D:5      | Found a transporter.
  4878 | D:5      | Found a transporter.
  5170 | D:5      | HP: 2/51 [disintegration (18)]
  5171 | D:5      | Slain by hattop's ghost

Illustrated notes

Levels and vault maps discovered:
D:1:      grunt_arrival_lava_bath, layout_basic, minmay_gold_behind_fungi,
          minmay_vboxes
D:2:      layout_basic, serial_aquarium, aquarium_bridge_island_small
          [aquarium_subvault_small_water, aquarium_subvault_bridge,
          aquarium_subvault_wall, aquarium_subvault_bridge,
          aquarium_subvault_window], aquarium_window_fake, aquarium_window_fake,
          aquarium_window_corridor_1, aquarium_window_1, aquarium_view_2b,
          serial_shops, nicolae_shop_waterfront, shop, minmay_pentomino_pile,
          uniq_crazy_yiuf_cottage
D:3:      layout_loops_corners, uniq_grinder, uniq_terence
D:4:      layout_basic, minmay_temple_entry_mist
D:5:      layout_rooms, nicolae_overflow_hidden_temple,
          gammafunk_ghost_gnarly_gnolls
D:6:      layout_rooms, general_overflow_altar, minmay_misc_feat_encased,
          st_stairs_9
Temple:   nicolae_temple_ecumenical_triangle

Skill      XL: |  1  2  3  4  5  6  7  8 |
---------------+-------------------------+-----
Maces & Flails | 3 4 5 6 |  6.5
Armour         | 4 5 |  5.8
Fighting       | 4 5 |  5.7
Shields        | 4 5 |  5.7

Action                     |  1- 3 |  4- 6 |  7- 9 || total
---------------------------+-------+-------+-------++-------
  Melee: Flail             |   113 |   151 |   205 ||   469
    Use: Scroll            |       |       |    10 ||    10
         Potion            |       |       |     1 ||     1
 Armour: Chain mail        |    98 |   116 |   197 ||   411
         Scale mail        |     1 |       |       ||     1
  Dodge: Dodged            |    49 |    55 |    74 ||   178
  Block: Buckler           |    24 |    38 |    53 ||   115

Table legend: (Time is in decaauts)
 A = Elapsed time spent in this place.
 B = Non-inter-level travel time spent in this place.
 C = Inter-level travel time spent in this place.
 D = Time resting spent in this place.
 E = Time spent auto-exploring this place.
 F = Levels seen in this place.
 G = Mean time per level.
                   A        B        C        D        E       F      G
               +--------+--------+--------+--------+--------+-----+--------+
         Total |   5282 |   4572 |    710 |    332 |   3035 |   7 |  754.6 |
       Dungeon |   5251 |   4571 |    680 |    332 |   3035 |   6 |  875.2 |
        Temple |     31 |      1 |     30 |      0 |      0 |   1 |   31.0 |
               +--------+--------+--------+--------+--------+-----+--------+

Top non-repeatable levels by time:
     D:3: 1385 daAuts
     D:2: 1103 daAuts
     D:4: 1092 daAuts
     D:1: 979 daAuts
     D:5: 682 daAuts
  Temple: 31 daAuts
     D:6: 8 daAuts
